 Dungeon Crawl Stone Soup version 0.21.1-1-g345015f (webtiles) character file.

61 Fang the Skirmisher (level 4, -8/29 HPs)
             Began as a Gargoyle Berserker on June 15, 2018.
             Was a Believer of Trog.
             Mangled by Sigmund
             ... wielding a +0 scythe
              (12 damage)
             ... on level 2 of the Dungeon.
             The game lasted 00:02:54 (1075 turns).

Fang the Skirmisher (Gargoyle Berserker)            Turns: 1075, Time: 00:02:54

Health: -8/29      AC:  5    Str: 22    XL:     4   Next: 7%
Magic:  4/4        EV: 12    Int:  7    God:    Trog [**....]
Gold:   112        SH:  0    Dex:  9    Spells: 3/3 levels left

rFire    . . .     SeeInvis .   a - +0 hand axe
rCold    . . .     Gourm    .   (no shield)
rNeg     + . .     Faith    .   b - +0 animal skin
rPois    ∞         Spirit   .   (no helmet)
rElec    +         Reflect  .   (no cloak)
rCorr    .         Harm     .   (no gloves)
MR       .....                  (no boots)
Stlth    +.........             (no amulet)
HPRegen  0.09/turn              (no ring)
MPRegen  0.09/turn              (no ring)

@: berserk cooldown, slowed, very slow
A: negative energy resistance 1, electricity resistance, unbreathing,
petrification resistance, rot immunity, AC +3
a: Berserk, Trog's Hand, Burn Spellbooks, Renounce Religion


You were on level 2 of the Dungeon.
You worshipped Trog.
Trog was pleased with you.
You were not hungry.

You visited 1 branch of the dungeon, and saw 2 of its levels.

You collected 112 gold pieces.

Inventory:

Hand Weapons
 a - a +0 hand axe (weapon)
Armour
 b - a +0 animal skin (worn)
Scrolls
 e - a scroll of identify {unknown}
 f - a scroll of teleportation {unknown}
 i - 2 scrolls of remove curse {unknown}
 k - a scroll of enchant weapon {unknown}
Potions
 d - 2 potions of lignification {unknown}
 g - a potion of degeneration {unknown}
 h - 2 potions of resistance {unknown}
Comestibles
 c - 8 rations
 j - 2 chunks of flesh


   Skills:
 + Level 4.1 Fighting
 + Level 3.4 Axes
 + Level 2.2 Armour
 + Level 1.8 Dodging
 + Level 1.2 Stealth


You had 3 spell levels left.
You didn't know any spells.

Dungeon Overview and Level Annotations

Branches:
Dungeon (2/15)

Altars:
Cheibriados
Gozag

Annotations:
D:2 Sigmund


Innate Abilities, Weirdness & Mutations

You are resistant to torment.
Your stone body is resilient. (AC +3)
You are immune to poison.
You resist negative energy. (rN+)
You are resistant to electric shocks. (rElec)
You can survive without breathing.
You are immune to petrification.
You are immune to rotting.


Message History

You are no longer berserk.
You are exhausted.
You feel yourself slow down.
Sigmund hits you from afar with a scythe!
* * * LOW HITPOINT WARNING * * *
Sigmund barely misses you.
The giant cockroach bites you but does no damage.
Sigmund mumbles some strange words.
Sigmund flickers and vanishes!
Deactivating autopickup; reactivate with Ctrl-A.
The giant cockroach barely misses you.
You hit the giant cockroach but do no damage.
You feel less confused.
The giant cockroach waves its antennae.
The giant cockroach barely misses you. The giant cockroach misses you.
Something hits you.
* * * LOW HITPOINT WARNING * * *
You closely miss the giant cockroach. The giant cockroach barely misses you.
The giant cockroach closely misses you. Something hits you!
You die...

##.##...........#
# #..# #..# # ##.#
#..# # #.## #..###
########..# #....#
#.......†.# #....#
#.....†..[###)...#
#...[......#.....+
#..........#.@...#
#..........#.s...#
#................#
..........#......#
.#.......##.)....#
#.......##.†....#
#.......##'#.####
...... ....# #...@
......


You could see a giant cockroach.

Vanquished Creatures
  3 adders (D:2)
  An ooze (D:1)
  A worm (D:2)
  A leopard gecko (D:1)
  A giant cockroach (D:2)
  2 goblins (D:2)
  5 hobgoblins
  5 kobolds
  3 bats (D:1)
  3 frilled lizards
  3 rats
28 creatures vanquished.

Notes
Turn   | Place    | Note
-------+----------+-------------------------------------------
     0 | D:1      | Fang the Gargoyle Berserker began the quest for the Orb.
     0 | D:1      | Reached XP level 1. HP: 14/14 MP: 1/1
   248 | D:1      | Reached XP level 2. HP: 20/20 MP: 2/2
   650 | D:1      | Found a snail-covered altar of Cheibriados.
   791 | D:2      | Reached XP level 3. HP: 24/24 MP: 3/3
   791 | D:2      | Reached skill level 4 in Fighting
   921 | D:2      | Reached skill level 1 in Stealth
   930 | D:2      | Found an opulent altar of Gozag.
  1028 | D:2      | Reached ** piety under Trog
  1048 | D:2      | Noticed Sigmund
  1053 | D:2      | Reached XP level 4. HP: 29/29 MP: 4/4
  1075 | D:2      | Mangled by Sigmund

Skill      XL: |  1  2  3 |
---------------+----------+-----
Axes           | 3 |  3.4
Fighting       | 4 |  4.1
Stealth        | 1 |  1.2
Armour         | |  2.2
Dodging        | |  1.8

Action                   |  1- 3 |  4- 6 || total
-------------------------+-------+-------++-------
Melee: Hand axe          |    84 |    12 ||    96
Invok: Berserk           |     1 |     1 ||     2
  Eat: Chunk             |     2 |       ||     2
Armor: Animal skin       |    33 |     3 ||    36
Dodge: Dodged            |    81 |     9 ||    90
